 Dungeon Crawl Stone Soup version 0.30.1-9-gdf580d7c3d (webtiles) character file.

Game seed: 15962161934069537922

340 Anriel the Covered (level 6, 0/44 HPs)
             Began as a Human Hunter on Oct 9, 2023.
             Slain by a water moccasin zombie (5 damage)
             ... in an ossuary.
             The game lasted 00:13:15 (1978 turns).

Anriel the Covered (Human Hunter)                   Turns: 1978, Time: 00:13:16

Health: 0/44       AC:  3    Str: 12    XL:     6   Next: 86%
Magic:  6/6        EV: 13    Int:  9    God:
Gold:   123        SH:  0    Dex: 18    Spells: 2/5 levels left

rFire   . . .        a - +0 shortbow
rCold   . . .        (shield currently unavailable)
rNeg    . . .        c - +0 leather armour
rPois   .            (no helmet)
rElec   .            (no cloak)
rCorr   .            (no gloves)
SInv    .            (no boots)
Will    +....        (no amulet)
Stlth   ++           f - ring of willpower
HPRegen 0.27/turn    (no ring)
MPRegen 0.10/turn

%: no passive effects
@: hasted, very quick
A: no striking features
a: no special abilities


You were in an ossuary.
You visited 1 branch of the dungeon, and saw 4 of its levels.
You also visited: Ossuary.

You collected 123 gold pieces.

Inventory:

Hand Weapons
 a - a +0 shortbow (weapon)
Armour
 c - a +0 leather armour (worn)
 k - the +4 chain mail of Depression {rPois rN+++ Will- SInv}
   (You found it on level 3 of the Dungeon)

   rPois:     It protects you from poison.
   rN:        It renders you almost immune to negative energy.
   SInv:      It lets you see invisible.
   Will:      It decreases your willpower.
Jewellery
 e - a ring of magical power
 f - a ring of willpower (left hand)
Scrolls
 b - a scroll of immolation
 j - a scroll of fog {unknown}
 m - a scroll of poison
Potions
 h - a potion of might
 i - a potion of brilliance {unknown}
 l - a potion of heal wounds {unknown}


   Skills:
 - Level 2.0 Fighting
 - Level 4.0 Ranged Weapons
 * Level 4.3 Armour
 + Level 3.7 Dodging
 + Level 3.4 Stealth


You had 2 spell levels left.
You knew the following spells:

 Your Spells              Type           Power      Damage    Failure   Level
a - Portal Projectile     Hex/Tloc       0%         N/A       83%         3

Your spell library contained the following spells:

 Spells                   Type           Power      Damage    Failure   Level
 Call Canine Familiar     Summ           0%         N/A       83%         3
 Dazzling Flash           Conj/Hex       0%         N/A       83%         3
 Leda's Liquefaction      Hex/Erth       0%         N/A       99%         4
 Agony                    Necr           0%         N/A       100%        5
 Silence                  Hex/Air        0%         N/A       100%        5


Dungeon Overview and Level Annotations

Branches:
Dungeon (4/15)            Ossuary (1/1)
 Temple: D:4-7

Altars:
Kikubaaqudgha


Message History

The gnoll zombie is severely damaged.
The gnoll zombie hits you but does no damage.
You shoot an arrow. The arrow hits the gnoll zombie!
You destroy the gnoll zombie!
You shoot an arrow.
The arrow closely misses the water moccasin zombie.
The arrow hits the adder zombie!
You destroy the adder zombie!
The water moccasin zombie bites you.
* * * LOW HITPOINT WARNING * * *
The water moccasin zombie bites you!
* * * LOW HITPOINT WARNING * * *
You shoot an arrow.
The arrow hits the water moccasin zombie!
The water moccasin zombie is severely damaged.
The water moccasin zombie bites you but does no damage.
You shoot an arrow.
The arrow hits the water moccasin zombie.
The water moccasin zombie is almost destroyed.
The water moccasin zombie barely misses you.
You shoot an arrow.
The arrow closely misses the water moccasin zombie.
The arrow hits the kobold zombie.
The kobold zombie is lightly damaged.
The water moccasin zombie barely misses you.
You shoot an arrow.
The arrow completely misses the water moccasin zombie.
The arrow hits the kobold zombie.
The kobold zombie is severely damaged.
The water moccasin zombie barely misses you.
You shoot an arrow.
The arrow completely misses the water moccasin zombie.
The arrow hits the kobold zombie!
You destroy the kobold zombie!
The water moccasin zombie bites you.
* * * LOW HITPOINT WARNING * * *
You shoot an arrow.
The arrow barely misses the water moccasin zombie.
The water moccasin zombie bites you.
You die...

#...'.∩.#!?$!+
#...#...#!!??#
#...##### ###
#...# #'###
#...# #...#
#...# #.@.#
##Z## ...
#...# #...#
#...# #+###


You could see a water moccasin zombie.

Vanquished Creatures
  A scorpion (D:3)
  2 water moccasin zombies (Ossuary)
  An orc priest (D:3)
  A mummy (D:4)
  3 adders
  2 adder zombies (Ossuary)
  3 worms
  8 orcs
  6 bats
  4 endoplasms
  2 giant cockroaches
  5 goblins
  6 hobgoblins
  9 jackals
  4 kobolds
  3 quokkas
  3 ball pythons
  3 frilled lizards
  A gnoll zombie (Ossuary)
  5 kobold zombies
  2 orc zombies
  3 rats
77 creatures vanquished.

Notes
Turn   | Place    | Note
-------+----------+-------------------------------------------
     0 | D:1      | Anriel the Human Hunter began the quest for the Orb.
     0 | D:1      | Reached XP level 1. HP: 16/16 MP: 1/1
   329 | D:1      | Reached skill level 1 in Armour
   329 | D:1      | Reached XP level 2. HP: 22/22 MP: 2/2
   499 | D:1      | Reached XP level 3. HP: 27/27 MP: 3/3
   615 | D:2      | Found a faded altar of an unknown god.
   786 | D:2      | Found an ancient bone altar of Kikubaaqudgha.
   847 | D:2      | Reached XP level 4. HP: 33/33 MP: 4/4
  1178 | D:3      | Learned a level 3 spell: Portal Projectile
  1192 | D:3      | Identified the +4 chain mail of Depression {rPois rN+++
                  | Will- SInv}
  1479 | D:3      | Reached XP level 5. HP: 28/38 MP: 5/5
  1710 | D:4      | Noticed an ogre
  1729 | D:3      | Reached XP level 6. HP: 16/44 MP: 6/6
  1847 | D:4      | Found a sand-covered staircase.
  1872 | Ossuary  | Entered an ossuary
  1978 | Ossuary  | Slain by a water moccasin zombie

Illustrated notes

Levels and vault maps discovered:
D:1:      amcnicky_arrival_gap_in_the_tavern_cellar, layout_basic,
          serial_park_tiny_1
D:2:      layout_basic, dreamdust_ecumenical_altar_statues, basic_altar,
          chequers_arboretum, minmay_pentomino_q2
D:3:      layout_basic
D:4:      layout_gridville, vehumet_crystals, doesnt_xom_only_xom,
          nicolae_ossuary_entry_giza, minmay_goblin_kobold_house
Ossuary:  ossuary_tomb_2

Skill      XL: |  1  2  3  4  5  6 |
---------------+-------------------+-----
Armour         | 1 2 3 4 |  4.3
Stealth        | 2 3 |  3.4
Dodging        | 3 |  3.7
Fighting       | |  2.0
Ranged Weapons | |  4.0

Action                     |  1- 3 |  4- 6 || total
---------------------------+-------+-------++-------
   Fire: Shortbow          |    80 |   200 ||   280
    Use: Scroll            |     2 |     7 ||     9
         Potion            |       |     3 ||     3
 Armour: Leather armour    |    13 |    29 ||    42
  Dodge: Dodged            |    23 |    98 ||   121
